 Dungeon Crawl Stone Soup version 0.17-a0-1849-g8a24fa2 (webtiles) character file.

84 HiobMontag the Digger (level 4, -6/24 HPs)
             Began as a Gargoyle Earth Elementalist on Sept 18, 2015.
             Killed from afar by an orc wizard (9 damage)
             ... with a magic dart
             ... on level 3 of the Dungeon.
             The game lasted 00:17:05 (3213 turns).

HiobMontag the Digger (Gargoyle Earth Elementalist) Turns: 3213, Time: 00:17:05

Health: -6/24      AC:  5    Str: 12    XL:     4   Next: 45%
Magic:  1/8        EV: 12    Int: 16    God:
Gold:   162        SH:  0    Dex: 10    Spells: 3 memorised, 3 levels left

rFire  . . .     SeeInvis .     g - +0 mace
rCold  . . .     Clarity  .     k - +0 robe
rNeg   + . .     SustAt   .     (no shield)
rPois  ∞         Gourm    .     (no helmet)
rElec  +         Spirit   .     (no cloak)
rCorr  .         Warding  .     (no gloves)
rMut   .         Stasis   .     (no boots)
MR     .....                    (no amulet)
Stlth  ++........               (no ring)
                                (no ring)

@: not resistant to hostile enchantments, unstealthy
A: negative energy resistance 1, electricity resistance, unbreathing,
petrification resistance, rot immunity, AC +3
a: no special abilities


You were on level 3 of the Dungeon.
You were not hungry.

You visited 1 branch of the dungeon, and saw 3 of its levels.

You collected 162 gold pieces.

Inventory:

Hand weapons
 e - a +0 dagger of venom
 g - a +0 mace (weapon)
 h - a +0 hunting sling
Missiles
 a - 74 stones (quivered)
 i - 4 large rocks
Armour
 k - a +0 robe (worn)
Jewellery
 f - an uncursed amulet of stasis {unknown}
 n - an uncursed ring of poison resistance {unknown}
Scrolls
 b - a scroll of remove curse
 l - a scroll of recharging
Books
 c - a book of Geomancy

   Spells                             Type                      Level
   a - Sandblast                      Earth                        1
   b - Stoneskin                      Transmutation/Earth          2
   c - Passwall                       Transmutation/Earth          3
   d - Stone Arrow                    Conjuration/Earth            3
   e - Petrify                        Transmutation/Earth          4
   f - Lee's Rapid Deconstruction     Earth                        5
Comestibles
 d - 2 bread rations
 j - 2 meat rations
 m - a chunk of flesh


   Skills:
 + Level 0.4 Fighting
 + Level 0.2 Maces & Flails
 + Level 1.9 Dodging
 + Level 2.5 Stealth
 + Level 3.0 Spellcasting
 + Level 0.7 Transmutations
 + Level 4.7 Earth Magic


You had 3 spell levels left.
You knew the following spells:

 Your Spells              Type           Power        Failure   Level  Hunger
a - Sandblast             Erth           ###...       3%          1    #......
b - Stoneskin             Trmt/Erth      ##......     12%         2    ##.....
c - Stone Arrow           Conj/Erth      #.....       21%         3    ###....


Dungeon Overview and Level Annotations

Branches:
Dungeon (3/15)

Altars:
Elyvilon
Okawaru


Innate Abilities, Weirdness & Mutations

You are resistant to torment.
Your stone body is resilient (AC +3).
You are immune to poison.
You resist negative energy.
You are resistant to electric shocks.
You can survive without breathing.
You are immune to petrification.
You are immune to rotting.


Message History

The orc wizard barely misses you.
The orc wizard gestures at you while chanting.
You resist with some effort.
The orc wizard hits you but does no damage.
Casting: Sandblast
Confirm with . or Enter, or press ? or * to list all spells.
Aiming: Sandblast
Press: ? - help, Shift-Dir - straight line, f/p - orc wizard
Aim: an orc wizard, wielding a dagger and wearing a robe (severely wounded)
The blast of sand misses the orc wizard.
The orc wizard hits you but does no damage.
The orc wizard misses you. The orc wizard hits you with a dagger.
* * * LOW HITPOINT WARNING * * *
The orc wizard mumbles some strange words.
The orc wizard seems to speed up.
You feel yourself speed up.
The orc wizard gestures at you while chanting.
The magic dart hits you!
You die...

#.###.####..#.....
#..#..###.........
#.......#####...##...#..#...#
#.......##.....o...####.#...##
#.......##........#...#......##
#.......##......#.o...#.......#
#.......##......##....##.....##..
#.......###..#.##.....#.....###..
#........#..##.#@..........>##...
#..............#.......#.........
####.#.#....#............#..##...
#.......#.............##..##...
#.......###....................
#........).......#..####.......
#........####.)..#.## #.....#..
#........####....#.####.....#.#
..........†...................#.#


You could see an orc wizard.

Vanquished Creatures
  4 adders
  A worm (D:2)
  3 orcs (D:3)
  2 ball pythons
  4 giant cockroaches
  5 goblins
  7 hobgoblins
  4 kobolds
  2 bats (D:1)
  3 giant geckos
  A giant newt (D:2)
  2 quokkas
  3 rats
41 creatures vanquished.

Notes
Turn   | Place    | Note
--------------------------------------------------------------
     0 | D:1      | HiobMontag the Gargoyle Earth Elementalist began the quest for the Orb.
     0 | D:1      | Reached XP level 1. HP: 10/10 MP: 3/3
   265 | D:1      | Reached skill level 4 in Earth Magic
   378 | D:1      | Reached XP level 2. HP: 15/15 MP: 1/5
   382 | D:1      | Learned a level 2 spell: Stoneskin
  1630 | D:2      | Reached XP level 3. HP: 19/19 MP: 2/6
  1706 | D:2      | Learned a level 3 spell: Stone Arrow
  2052 | D:2      | Found a white marble altar of Elyvilon.
  2455 | D:2      | Found an iron altar of Okawaru.
  2945 | D:3      | Reached XP level 4. HP: 24/24 MP: 4/8
  3213 | D:3      | Killed from afar by an orc wizard

Vault maps used:
D:1:      tarquinn_simple_flora_water_c
D:2:      nicolae_overflow_crystal_walls, lemuel_doored_altar
D:3:      grunt_temple_overflow_opulence, lemuel_zombie_altar_yredelemnul

Action                   |  1- 3 |  4- 6 || total
-------------------------+-------+-------++-------
Melee: Unarmed           |     2 |       ||     2
       Club              |    27 |       ||    27
       Mace              |    13 |    23 ||    36
Throw: Stone             |     4 |     2 ||     6
 Cast: Sandblast         |    52 |    11 ||    63
       Stoneskin         |     6 |     2 ||     8
       Stone Arrow       |    10 |     4 ||    14
  Use: Potion            |     3 |       ||     3
       Scroll            |     3 |     2 ||     5
  Eat: Beef jerky        |     1 |       ||     1
       Chunk             |     7 |     2 ||     9
